 Dungeon Crawl Stone Soup version 0.22-a0-322-g60b3cfd (webtiles) character file.

20 FoFiFeeFum the Shield-Bearer (level 3, 27/29 HPs)
             Began as a Formicid Fighter on Apr 2, 2018.
             Quit the game on level 1 of the Dungeon.
             The game lasted 00:00:41 (340 turns).

FoFiFeeFum the Shield-Bearer (Formicid Fighter)      Turns: 340, Time: 00:00:42

Health: 27/29      AC:  6    Str: 21    XL:     3   Next: 0%
Magic:  3/3        EV:  7    Int:  7    God:
Gold:   18         SH:  9    Dex: 10    Spells: 2/2 levels left

rFire    . . .     SeeInvis +   a - +0 war axe
rCold    . . .     Gourm    .   c - +0 shield
rNeg     . . .     Faith    .   b - +0 scale mail
rPois    .         Spirit   .   (helmet unavailable)
rElec    .         Reflect  .   (no cloak)
rCorr    .         Harm     .   (no gloves)
MR       .....                  (no boots)
Stlth    ..........             (no amulet)
HPRegen  0.09/turn              (no ring)
MPRegen  0.08/turn              (no ring)

@: no status effects
A: permanent stasis, dig shafts and tunnels, four strong arms, antennae 3
a: Dig, Shaft Self


You were on level 1 of the Dungeon.
You were not hungry.

You visited 1 branch of the dungeon, and saw 1 of its levels.

You collected 18 gold pieces.

Inventory:

Hand Weapons
 a - a +0 war axe (weapon)
Armour
 b - a +0 scale mail (worn)
 c - a +0 shield (worn)
Scrolls
 g - a scroll of amnesia {unknown}
 h - 2 scrolls of remove curse {unknown}
Potions
 d - a potion of might
 e - a potion of degeneration {unknown}
Comestibles
 f - a ration


   Skills:
 - Level 3.2 Fighting
 + Level 3.2 Axes
 - Level 3.2 Armour
 - Level 3.6 Shields


You had 2 spell levels left.
You didn't know any spells.

Dungeon Overview and Level Annotations

Branches:
Dungeon (1/15)

Altars:


Innate Abilities, Weirdness & Mutations

You cannot be hasted, slowed, berserked, paralysed or teleported.
You can dig through walls and to a lower floor.
Your four strong arms can wield two-handed weapons with a shield.
You have a pair of large antennae on your head. (SInv)


Message History

You hit the kobold but do no damage. You block the kobold's attack. x2
A kobold is nearby!
You miss the kobold. You block the kobold's attack.
A kobold is nearby!
You closely miss the kobold. The kobold barely misses you.
You block the kobold's attack.
A kobold comes into view. It is wielding a short sword.
You closely miss the kobold.
The kobold shouts!
You block the kobold's attack.
There are monsters nearby!
You barely miss the kobold. The kobold hits you but does no damage.
There are monsters nearby!
You hit the kobold.
You kill the kobold!
You have reached level 3!
Your experience leads to an increase in your attributes!
Increase (S)trength, (I)ntelligence, or (D)exterity?
You feel stronger.
Are you sure you want to abandon this character and quit the game? (Confirm with "yes".)

.......###..†..........
##...########.........
#.#### #..........###
..### #..........#
....##
#..........######
.....#
#......##........
8....#
#......##........
.....#
#......##........
....##
#......##@#+##### ..###
####### #†# ### #K.
##.. ... #..# ..# ###
... ..#


You could see a kobold.

Vanquished Creatures
  A ball python (D:1)
  5 bats (D:1)
  A giant cockroach (D:1)
  2 hobgoblins (D:1)
  3 jackals (D:1)
  2 kobolds (D:1)
  2 frilled lizards (D:1)
  A rat (D:1)
17 creatures vanquished.

Notes
Turn   | Place    | Note
-------+----------+-------------------------------------------
     0 | D:1      | FoFiFeeFum the Formicid Fighter began the quest for the Orb.
     0 | D:1      | Reached XP level 1. HP: 18/18 MP: 1/1
   181 | D:1      | Reached XP level 2. HP: 22/24 MP: 2/2
   339 | D:1      | Reached XP level 3. HP: 27/29 MP: 3/3
   340 | D:1      | Quit the game

Vault maps used:
D:1:      dpeg_arrival_three_same_balls

Skill      XL: |  1  2 |
---------------+-------+-----
Axes           | 3 |  3.2
Fighting       | |  3.2
Armour         | |  3.2
Shields        | |  3.6

Action                   || total
-------------------------++-------
Melee: War axe           ||    54
Armor: Scale mail        ||    48
Dodge: Dodged            ||    17
Block: Shield            ||    46

Table legend:
 A = Spawn XP
 B = Non-spawn XP
 C = Spawn XP percentage of total XP
 D = Spawn monster count
 E = Non-spawn monster count
 F = Spawn count percentage of total count
 G = Total turns spent on level
                    A         B        C        D         E        F      G
               +---------+---------+-------+---------+---------+-------+---------
         Total |       0 |      29 |   0.0 |       0 |      17 |   0.0 |   340
               +---------+---------+-------+---------+---------+-------+---------
           D:1 |       0 |      29 |   0.0 |       0 |      17 |   0.0 |   340
               +---------+---------+-------+---------+---------+-------+---------
